 Dungeon Crawl Stone Soup version 0.18.1-50-g88ac8fd (webtiles) character file.

470 Amnesiac the Slicer (level 7, -3/52 HPs)
             Began as a Merfolk Fighter on Mar 11, 2018.
             Slain by an ice beast (14 damage)
             ... on level 5 of the Dungeon.
             The game lasted 00:05:53 (3270 turns).

Amnesiac the Slicer (Merfolk Fighter)               Turns: 3270, Time: 00:05:54

Health: -3/52      AC:  9    Str: 18    XL:     7   Next: 9%
Magic:  7/7        EV:  8    Int:  8    God:
Gold:   126        SH:  9    Dex: 13    Spells: 0 memorised, 6 levels left

rFire  . . .     SeeInvis .     a - +0 rapier
rCold  . . .     Gourm    .     b - +0 scale mail
rNeg   . . .     Faith    .     c - +0 shield
rPois  .         Spirit   .     (no helmet)
rElec  .         Dismiss  .     n - +0 cloak
rCorr  .         Reflect  .     e - +0 pair of gloves
SustAt .         Harm     .     l - +0 pair of boots
MR     .....                    (no amulet)
Stlth  +.........               (no ring)
                                o - ring of flight

@: not resistant to hostile enchantments, very unstealthy
A: change form in water, swift swim
a: Evoke Flight


You were on level 5 of the Dungeon.
You were not hungry.

You visited 1 branch of the dungeon, and saw 5 of its levels.

You collected 126 gold pieces.

Inventory:

Hand Weapons
 a - a +0 rapier (weapon)
Armour
 b - a +0 scale mail (worn)
 c - a +0 shield (worn)
 e - a +0 pair of gloves (worn)
 l - a +0 pair of boots (worn)
 n - a +0 cloak (worn)
Jewellery
 o - a ring of flight (left hand)
Wands
 t - a wand of confusion (21/48)
Scrolls
 d - a scroll of blinking {!r, unknown}
 g - 5 scrolls of fog {!r, unknown}
 h - a scroll of fear {!r, unknown}
 i - 2 scrolls of identify {!r, unknown}
 k - 3 scrolls of enchant armour {!r, unknown}
 m - a scroll of teleportation {!r, unknown}
 q - a scroll of amnesia {!r, unknown}
 r - 2 scrolls of remove curse {!r, unknown}
 u - a scroll of noise {!r, unknown}
Potions
 j - a potion of degeneration {!q, unknown}
Comestibles
 f - 4 bread rations
 p - 2 royal jellies
 s - a chunk of flesh


   Skills:
 - Level 3.2 Fighting
 - Level 8.0 Short Blades
 - Level 2.1 Armour
 + Level 2.0 Dodging
 - Level 3.0 Stealth
 - Level 3.0 Shields


You had 6 spell levels left.
You didn't know any spells.

Dungeon Overview and Level Annotations

Branches:
Dungeon (5/15)
 Temple: D:4-7

Altars:
Ashenzari
Gozag
Kikubaaqudgha
Nemelex Xobeh
Okawaru
Qazlal
Vehumet


Message History

The adder is lightly wounded.
The adder bites you but does no damage.
You hit the adder.
The adder is severely wounded.
The adder bites you but does no damage.
You barely miss the adder.
The adder is severely wounded.
The adder bites you but does no damage.
You barely miss the adder.
The adder is severely wounded.
You block the adder's attack. x2
You closely miss the adder.
The adder is severely wounded.
The adder closely misses you.
You miss the adder.
The adder is severely wounded.
You block the adder's attack.
You closely miss the adder.
The adder is severely wounded.
The adder bites you but does no damage.
You completely miss the adder.
The adder is severely wounded.
The adder bites you but does no damage.
You hit the adder.
You kill the adder!
Your Dodging skill increases to level 2!
You see here an adder corpse.
You butcher the adder corpse.
s - a chunk of flesh
u - a scroll labeled HIYM QEBBOUCO {!r} You now have 126 gold pieces (gained 17).
r - 2 scrolls labeled FYN ATHUDEOSH {!r} (gained 1)
An ice beast comes into view.
An ice beast is nearby!
You see here a royal jelly.
p - 2 royal jellies (gained 1)
You barely miss the ice beast. The ice beast hits you.
The ice beast freezes you!
You hit the ice beast but do no damage. The ice beast hits you.
The ice beast freezes you.
You hit the ice beast.
The ice beast is lightly wounded.
You block the ice beast's attack.
You hit the ice beast but do no damage.
The ice beast is lightly wounded.
The ice beast hits you but does no damage.
You puncture the ice beast!
The ice beast is heavily wounded.
The ice beast barely misses you.
You hit the ice beast.
The ice beast is severely wounded.
You hit the ice beast.
The ice beast is severely wounded.
You block the ice beast's attack.
You closely miss the ice beast.
The ice beast is severely wounded.
The ice beast hits you. The ice beast freezes you!
* * * LOW HITPOINT WARNING * * *
You closely miss the ice beast.
The ice beast is severely wounded.
The ice beast hits you.
* * * LOW HITPOINT WARNING * * *
The ice beast freezes you!
You die...

### #.#
###########.#########
......Y@............#
###################.#
#..........# #.#
#.########.#######.#
#.# #.........#
##.###### ###########
##+#.........
#....########
#............


You could see an ice beast.

Vanquished Creatures
  A phantom (D:5)
  An ogre (D:4)
  A water moccasin skeleton (D:4)
  The ghost of Amnesiac the Cutter, a weakling MfFi (D:3)
  A crimson imp (D:5)
  An iguana (D:4)
  A worker ant (D:4)
  8 adders
  An adder skeleton (D:4)
  A dart slug (D:3)
  2 giant geckos
  2 orcs
  A ball python (D:3)
  3 giant cockroaches
  3 goblins
  4 hobgoblins (D:3)
  2 jackals (D:4)
  3 giant newts
  4 kobolds
  2 rats (D:3)
43 creatures vanquished.

Notes
Turn   | Place    | Note
--------------------------------------------------------------
     0 | D:1      | Amnesiac the Merfolk Fighter began the quest for the Orb.
     0 | D:1      | Reached XP level 1. HP: 18/18 MP: 1/1
   269 | D:2      | Reached skill level 3 in Short Blades
   289 | D:2      | Reached XP level 2. HP: 24/24 MP: 2/2
   398 | D:3      | Reached skill level 4 in Short Blades
   465 | D:3      | Reached XP level 3. HP: 24/29 MP: 3/3
   488 | D:3      | Found an opulent altar of Gozag.
   504 | D:3      | Found a faded altar to an unknown god.
   593 | D:3      | Noticed Amnesiac's ghost (weakling MfFi)
  1417 | D:3      | Killed Amnesiac's ghost
  1417 | D:3      | Reached skill level 5 in Short Blades
  1417 | D:3      | Reached XP level 4. HP: 33/35 MP: 4/4
  1502 | D:4      | Reached skill level 6 in Short Blades
  1502 | D:4      | Reached XP level 5. HP: 36/41 MP: 5/5
  1637 | D:4      | Found an iron altar of Okawaru.
  1648 | D:4      | Found a shattered altar of Ashenzari.
  1678 | D:4      | Found a sparkling altar of Nemelex Xobeh.
  1685 | D:4      | Found an ancient bone altar of Kikubaaqudgha.
  1726 | D:4      | Reached skill level 7 in Short Blades
  1975 | D:4      | Noticed an ogre
  2012 | D:4      | Killed an ogre
  2012 | D:4      | Reached XP level 6. HP: 11/47 MP: 6/6
  2357 | D:4      | Reached skill level 8 in Short Blades
  2446 | D:4      | Found a radiant altar of Vehumet.
  2751 | D:4      | Found a stormy altar of Qazlal.
  2956 | D:5      | Entered Level 5 of the Dungeon
  2994 | D:5      | Noticed a phantom
  3049 | D:5      | Killed a phantom
  3184 | D:5      | Reached skill level 1 in Dodging
  3184 | D:5      | Reached XP level 7. HP: 50/52 MP: 7/7
  3270 | D:5      | Slain by an ice beast

Skill      XL: |  1  2  3  4  5  6  7 |
---------------+----------------------+-----
Short Blades   | 3 4 5 6 7 8 |  8.0
Stealth        | 3 |  3.0
Dodging        | 1 2 |  2.0
Fighting       | |  3.2
Armour         | |  2.1
Shields        | |  3.0

Action                   |  1- 3 |  4- 6 |  7- 9 || total
-------------------------+-------+-------+-------++-------
Melee: Rapier            |   118 |   166 |    21 ||   305
  Use: Potion            |     2 |     1 |       ||     3
  Eat: Chunk             |     2 |     5 |     1 ||     8
Armor: Scale mail        |    44 |    64 |     6 ||   114
Dodge: Dodged            |    22 |    20 |     4 ||    46
Block: Shield            |    49 |    53 |     7 ||   109
